 Dungeon Sprint DCSS version 0.28-a0-1412-gf95308ed99 (webtiles) character file.

Game seed: 17271020177113995079

648 brmiller01 the Grappler (level 7, -4/80 HPs)
             Began as a Troll Berserker on Jan 6, 2022.
             Was a Priest of Trog.
             Slain by Sonja (6 damage)
             ... in the Dungeon (Sprint I: "Red Sonja").
             The game lasted 00:01:04 (159 turns).

brmiller01 the Grappler (Troll Berserker)            Turns: 159, Time: 00:01:05

Health: -4/80      AC:  4    Str: 28    XL:     7   Next: 27%
Magic:  6/6        EV: 10    Int:  3    God:    Trog [***...]
Gold:   405        SH:  0    Dex:  9    Spells: 6/6 levels left

rFire   . . .      SeeInvis .     - Unarmed
rCold   . . .      Faith    .   (no shield)
rNeg    . . .      Spirit   .   a - +0 animal skin
rPois   .          Reflect  .   (helmet restricted)
rElec   .          Harm     .   (no cloak)
rCorr   .          Rampage  .   (gloves unavailable)
Will    ++...      NoTele   +   (boots unavailable)
Stlth   +.........              (no amulet)
HPRegen 2.03/turn               (no ring)
MPRegen 0.10/turn               (no ring)

@: lethally poisoned (-4 -> -5), strong-willed, regenerating, slowed, very slow
A: large, unfitting armour, claws 3, regeneration 1, shaggy fur 1, tough skin 1
a: Renounce Religion, Berserk, Trog's Hand


You were in the Dungeon.
You worshipped Trog.
Trog was most pleased with you.
You visited 1 branch You collected 405 gold pieces.

Inventory:

Armour
 a - a +0 animal skin (worn)
Wands
 h - a wand of iceblast (7)
Scrolls
 g - a scroll of blinking
Potions
 b - a potion of curing
 c - a potion of heal wounds
 d - a potion of haste
 e - 2 potions of magic
 f - a potion of berserk rage
 i - a potion of flight {unknown}


   Skills:
 + Level 8.1 Fighting
 - Level 2.4 Dodging
 * Level 13.2 Unarmed Combat


You had 6 spell levels left.
You didn't know any spells.
Your spell library was empty.

Dungeon Overview and Level Annotations

Branches:
Dungeon (1/1)

Altars:
Cheibriados
Dithmenos
Elyvilon
Fedhas
Gozag
Hepliaklqana
Kikubaaqudgha
Makhleb
Nemelex Xobeh
Okawaru
Qazlal
Ru
Sif Muna
Trog
Uskayaw
Vehumet
Wu Jian
Xom
Yredelemnul
Zin
The Shining One
Jiyva
Lugonu

Shops:
D :

Annotations:
D Sonja


Innate Abilities, Weirdness & Mutations

You are too large for most types of armour.
You have claws for hands.
Your natural rate of healing is unusually fast.
You are covered in fur. (AC +1)
You have tough skin. (AC +1)


Message History

You have difficulty breathing.
You feel yourself slow down.
Found 108 gold pieces.
You feel very sick.
Sonja gestures wildly while chanting.
Sonja blinks!
There is an open door here.
You feel very sick. Sonja closely misses you.
Sonja hits you with a +0 short sword of distortion.
Space warps around you. Sonja misses you.
You barely miss Sonja. Your claw misses Sonja.
You feel sick.
Sonja hits you with a +0 short sword of distortion. x2
Sonja barely misses you.
You barely miss Sonja.
You feel sick. Sonja barely misses you.
Sonja hits you with a +0 short sword of distortion.
Space warps around you. Sonja hits you but does no damage.
Space warps horribly around you!!
* * * LOW HITPOINT WARNING * * *
Sonja plants her feet in a plie.
Sonja hits you with a +0 short sword of distortion.
* * * LOW HITPOINT WARNING * * *
Space warps around you.
* * * LOW HITPOINT WARNING * * *
Sonja hits you with a +0 short sword of distortion.
* * * LOW HITPOINT WARNING * * *
Space warps around you.
* * * LOW HITPOINT WARNING * * *
Sonja hits you with a +0 short sword of distortion.
* * * LOW HITPOINT WARNING * * *
Your skin crawls.
You feel strong-willed.
You feel sick. Sonja completely misses you.
Sonja hits you with a +0 short sword of distortion.
* * * LOW HITPOINT WARNING * * *
Sonja hits you with a +0 short sword of distortion.
* * * LOW HITPOINT WARNING * * *
Space warps around you.
* * * LOW HITPOINT WARNING * * *
Sonja hits you with a +0 short sword of distortion.
You die...

#..').#..'..#..'..'..#
#..#####'#####'#__####
#..####..#...#.####
#..#__####..##(#
#..#_____##'#_.+
#⌠⌠#_.∩...†..._#
####_..__##_.#+#
#_____###K# #######
#@# +$.$+ #$.$# ##.##
#+#


You could see Sonja.

Vanquished Creatures
  A slime creature (D)
  Sigmund (D)
  A yak (D)
  An ogre (D)
  A jelly (D)
  Ijyb (D)
6 creatures vanquished.

Notes
Turn   | Place    | Note
-------+----------+-------------------------------------------
     0 | D        | brmiller01 the Troll Berserker began the quest for the Orb.
     0 | D        | Reached XP level 1. HP: 22/22 MP: 0/0
     2 | D        | Noticed Ijyb
    18 | D        | Killed Ijyb
    19 | D        | Reached skill level 5 in Unarmed Combat
    19 | D        | Reached XP level 2. HP: 30/32 MP: 1/1
    23 | D        | Noticed an ogre
    28 | D        | Killed an ogre
    29 | D        | Reached skill level 5 in Fighting
    29 | D        | Reached skill level 8 in Unarmed Combat
    29 | D        | Reached XP level 3. HP: 42/42 MP: 2/2
    29 | D        | Reached XP level 4. HP: 50/50 MP: 3/3
    43 | D        | Noticed Sigmund
    57 | D        | Killed Sigmund
    57 | D        | Reached ** piety under Trog
    58 | D        | Reached skill level 10 in Unarmed Combat
    58 | D        | Reached XP level 5. HP: 40/61 MP: 4/4
    58 | D        | Reached XP level 6. HP: 45/68 MP: 5/5
    69 | D        | Found a burning altar of Makhleb.
    69 | D        | Found a viscous altar of Jiyva.
    69 | D        | Found a shimmering altar of Xom.
    69 | D        | Found a corrupted altar of Lugonu.
    69 | D        | Noticed a slime creature
    74 | D        | Killed a slime creature
    75 | D        | Reached skill level 12 in Unarmed Combat
    99 | D        | Found an ornate altar of the Wu Jian Council.
    99 | D        | Found a shimmering blue altar of Sif Muna.
   101 | D        | Found a radiant altar of Vehumet.
   134 | D        | Found Ecanerch's Book Emporium.
   134 | D        | Found an ancient bone altar of Kikubaaqudgha.
   134 | D        | Found a hazy altar of Hepliaklqana.
   134 | D        | Found a stormy altar of Qazlal.
   134 | D        | Found a hide-covered altar of Uskayaw.
   134 | D        | Found a blossoming altar of Fedhas.
   134 | D        | Found a bloodstained altar of Trog.
   134 | D        | Found an iron altar of Okawaru.
   134 | D        | Found a basalt altar of Yredelemnul.
   134 | D        | Found a glowing golden altar of the Shining One.
   134 | D        | Found a snail-covered altar of Cheibriados.
   134 | D        | Found a sacrificial altar of Ru.
   134 | D        | Found a glowing silver altar of Zin.
   134 | D        | Found a shadowy altar of Dithmenos.
   134 | D        | Found a white marble altar of Elyvilon.
   134 | D        | Noticed a yak
   141 | D        | Killed a yak
   141 | D        | Reached *** piety under Trog
   142 | D        | Reached skill level 13 in Unarmed Combat
   142 | D        | Reached XP level 7. HP: 67/80 MP: 6/6
   142 | D        | Found an opulent altar of Gozag.
   143 | D        | Found a sparkling altar of Nemelex Xobeh.
   154 | D        | Noticed Sonja
   159 | D        | HP: 2/80 [Sonja (4)]
   159 | D        | Slain by Sonja

Illustrated notes

Levels and vault maps discovered:
D:        dungeon_sprint_1 [red_sonja_temple_1, red_sonja_temple_small_1]

Skill      XL: |  1  2  3  4  5  6 |
---------------+-------------------+-----
Fighting       | 3 5 6 8 |  8.1
Unarmed Combat | 5 8 10 13 | 13.2
Dodging        | |  2.4

Action                   |  1- 3 |  4- 6 |  7- 9 || total
-------------------------+-------+-------+-------++-------
Melee: Unarmed           |    19 |    22 |     2 ||    43
       Punch             |       |     3 |       ||     3
Invok: Trog's Hand       |       |       |     1 ||     1
Armor: Animal skin       |     4 |       |     1 ||     5
Dodge: Dodged            |     6 |     6 |     5 ||    17

Table legend: (Time is in decaauts)
 A = Elapsed time spent in this place.
 B = Non-inter-level travel time spent in this place.
 C = Inter-level travel time spent in this place.
 D = Time resting spent in this place.
 E = Time spent auto-exploring this place.
 F = Levels seen in this place.
 G = Mean time per level.
                   A        B        C        D        E       F      G
               +--------+--------+--------+--------+--------+-----+--------+
         Total |    154 |    154 |      0 |      0 |      0 |   1 |  154.0 |
       Dungeon |    154 |    154 |      0 |      0 |      0 |   1 |  154.0 |
               +--------+--------+--------+--------+--------+-----+--------+

Top non-repeatable levels by time:
       D: 154 daAuts
